 Dungeon Crawl Stone Soup version 0.23-a0-241-g3b46b07 (webtiles) character file.

294 galech the Shield-Bearer (level 6, -6/47 HPs)
             Began as a Demonspawn Fighter on Sept 27, 2018.
             Mangled by Menkaure (13 damage)
             ... on level 5 of the Dungeon.
             The game lasted 00:03:19 (3560 turns).

galech the Shield-Bearer (Demonspawn Fighter)       Turns: 3560, Time: 00:03:20

Health: -6/47      AC:  8    Str: 16    XL:     6   Next: 11%
Magic:  6/6        EV:  7    Int:  9    God:
Gold:   236        SH:  9    Dex: 15    Spells: 5/5 levels left

rFire    + . .     SeeInvis .   a - +0 war axe
rCold    . . .     Gourm    .   c - +0 shield
rNeg     . . .     Faith    .   b - +0 scale mail
rPois    .         Spirit   .   (no helmet)
rElec    .         Reflect  .   (no cloak)
rCorr    .         Harm     .   (no gloves)
MR       .....                  (no boots)
Stlth    ..........             (no amulet)
HPRegen  0.15/turn              (no ring)
MPRegen  0.10/turn              (no ring)

@: no status effects
A: molten scales 1, fire resistance 1
a: no special abilities


You were on level 5 of the Dungeon.
You were very hungry.

You visited 1 branch of the dungeon, and saw 5 of its levels.

You collected 236 gold pieces.

Inventory:

Hand Weapons
 a - a +0 war axe (weapon)
Armour
 b - a +0 scale mail (worn)
 c - a +0 shield (worn)
Jewellery
 h - an uncursed ring of ice
Scrolls
 g - 2 scrolls of remove curse
 j - a scroll of identify {unknown}
 k - 2 scrolls of fear {unknown}
 p - 2 scrolls of enchant weapon {unknown}
 q - a scroll of magic mapping {unknown}
 s - a scroll of noise {unknown}
 t - 2 scrolls of amnesia {unknown}
Potions
 d - 2 potions of might
 e - a potion of cancellation {unknown}
 i - 2 potions of curing {unknown}
 l - a potion of degeneration {unknown}
 m - 2 potions of heal wounds {unknown}
 n - a potion of brilliance {unknown}
 o - a potion of haste {unknown}
 u - a potion of mutation {unknown}
Comestibles
 f - 11 rations


   Skills:
 + Level 3.6 Fighting
 + Level 3.8 Axes
 + Level 3.6 Armour
 + Level 0.5 Dodging
 + Level 1.1 Stealth
 + Level 3.8 Shields


You had 5 spell levels left.
You didn't know any spells.
Your spell library was empty.

Dungeon Overview and Level Annotations

Branches:
Dungeon (5/15)
 Temple: D:4-7

Altars:
Fedhas
Makhleb
Qazlal
Wu Jian
Xom

Annotations:
D:3 2 runed doors, Ijustatesigmund's ghost, amateur OpGl
D:5 Menkaure


Innate Abilities, Weirdness & Mutations

You are partially covered in molten scales. (AC +2)
Your flesh is heat resistant. (rF+)


Message History

You are too injured to fight recklessly!
You are too injured to fight recklessly!
You are too injured to fight recklessly!
You are too injured to fight recklessly!
You barely miss Menkaure.
Menkaure blazes with dark energy!
Menkaure points at you and mumbles some strange words.
Pain shoots through your body!
You slash Menkaure!
Menkaure is moderately damaged.
Menkaure hits you.
* * * LOW HITPOINT WARNING * * *
You block Menkaure's attack.
You slash Menkaure!
Menkaure is heavily damaged.
Menkaure calls on the powers of darkness!
Your body is wracked with pain!
* * * LOW HITPOINT WARNING * * *
Menkaure hits you!
You die...

#....## #...# #......
#.... ### #...... #....#
#<## #...... ##.....##
#..## ##..... #.......#
#...# #..... #.......#
#...## ##.... #.......##
#....# ##...
#.....M@$###....# ##..
#...............########
#.......................
##........####..........
#......#.. ###########
##.....##.# ###...# ..
##..# #.# ## ..


You could see Menkaure.

Vanquished Creatures
  An ogre (D:2)
  A hound (D:4)
  2 worker ants (D:4)
  5 adders
  An ooze (D:4)
  2 worms
  A dart slug (D:1)
  3 leopard geckos
  An orc (D:3)
  3 ball pythons
  10 bats
  2 giant cockroaches
  6 goblins
  8 hobgoblins
  6 jackals (D:1)
  7 kobolds
  2 quokkas
  6 frilled lizards
  12 rats
79 creatures vanquished.

Notes
Turn   | Place    | Note
-------+----------+-------------------------------------------
     0 | D:1      | galech the Demonspawn Fighter began the quest for the Orb.
     0 | D:1      | Reached XP level 1. HP: 18/18 MP: 1/1
   136 | D:1      | Gained mutation: You are partially covered in molten
                  | scales. (AC +2) [demonic ancestry]
   136 | D:1      | Reached XP level 2. HP: 24/24 MP: 2/2
   406 | D:1      | Gained mutation: Your flesh is heat resistant. (rF+)
                  | [demonic ancestry]
   406 | D:1      | Reached XP level 3. HP: 27/29 MP: 3/3
  1341 | D:2      | Reached XP level 4. HP: 35/35 MP: 4/4
  1391 | D:2      | Noticed an ogre
  1398 | D:2      | Killed an ogre
  1398 | D:2      | Reached skill level 1 in Stealth
  1398 | D:2      | Reached XP level 5. HP: 11/41 MP: 5/5
  2049 | D:3      | Found a large runed door.
  2049 | D:3      | Found a large runed door.
  2212 | D:3      | Found a shimmering altar of Xom.
  2460 | D:3      | Found an ornate altar of the Wu Jian Council.
  2471 | D:3      | Found a blossoming altar of Fedhas.
  2580 | D:3      | Noticed Ijustatesigmund's ghost (amateur OpGl)
  2819 | D:4      | Found a stormy altar of Qazlal.
  2847 | D:4      | Reached XP level 6. HP: 45/47 MP: 6/6
  3129 | D:4      | Found a burning altar of Makhleb.
  3509 | D:5      | Entered Level 5 of the Dungeon
  3553 | D:5      | Noticed Menkaure
  3560 | D:5      | Mangled by Menkaure

Vault maps used:
D:1:      dpeg_arrival_water_altar
D:2:      minmay_split_cup_large
D:3:      gammafunk_temple_overflow_statue, first_ration,
          ebering_ghost_disaster_area, tgw_xom
D:4:      grunt_qazlal_clouds, bloody_makhleb
D:5:      basic_altar, serial_shops, nicolae_shop_crystal, uniq_menkaure,
          uniq_grinder, uniq_eustachio, uniq_edmund

Skill      XL: |  1  2  3  4  5 |
---------------+----------------+-----
Axes           | 2 3 |  3.8
Armour         | 3 |  3.6
Shields        | 3 |  3.8
Stealth        | 1 |  1.1
Fighting       | |  3.6
Dodging        | |  0.5

Action                   |  1- 3 |  4- 6 || total
-------------------------+-------+-------++-------
Melee: War axe           |   148 |   148 ||   296
  Use: Scroll            |       |     2 ||     2
  Eat: Chunk             |     2 |     6 ||     8
Armor: Scale mail        |    97 |    85 ||   182
Dodge: Dodged            |    43 |    49 ||    92
Block: Shield            |    80 |    86 ||   166

Table legend:
 A = Non-vault XP
 B = Vault XP
 C = Vault XP percentage of total XP
 D = Non-vault monster count
 E = Vault monster count
 F = Vault count percentage of total count
                 A         B        C        D         E       F
            +---------+---------+-------+---------+---------+-------
      Total |     394 |      27 |   6.4 |      69 |      10 |  12.7
            +---------+---------+-------+---------+---------+-------
        D:1 |      54 |       0 |   0.0 |      29 |       0 |   0.0
        D:2 |     159 |       7 |   4.2 |      13 |       4 |  23.5
        D:3 |      54 |      20 |  27.0 |      18 |       6 |  25.0
        D:4 |     127 |       0 |   0.0 |       9 |       0 |   0.0
            +---------+---------+-------+---------+---------+-------
